[Event "Titled Tuesday Blitz July 18 Early 2023"]
[White "Nan M K Khine Hlyan"]
[Black "Zaksaite, Salomeja"]
[WhiteFideId "13002899"]
[BlackFideId "12801496"]
[WhiteElo "1753"]
[BlackElo "2288"]
[Result "0-1"]
[Round "3"]
[TimeControl "180+2"]
[Date "2023.07.18"]
[WhiteClock "0:01:03"]
[BlackClock "0:01:19"]
[Board "219"]

1. e4 c5 2. f4 Nc6 3. Nf3 g6 4. d4 cxd4 5. Nxd4 Bg7 6. e5 d6 7. Nxc6 bxc6 8. Qf3 Bb7 9. exd6 exd6 10. Bd3 Ne7 11. O-O O-O 12. f5 Qb6+ 13. Kh1 c5 14. Qe2 Rae8 15. f6 Bxf6 16. Rxf6 Nd5 17. Qf1 Nxf6 18. Bh6 Qxb2 19. Nd2 Ng4 20. Bxf8 Bxg2+ 21. Qxg2 Qxa1+ 22. Nf1 Ne3 23. Qc6 Nxf1 24. Qxe8 Ne3+ 25. Bf1 Qxf1# 0-1


[Site "https://www.chess.com"]

[Event "Titled Tuesday Blitz July 18 Early 2023"]
[White "Vitiugov, Nikita"]
[Black "Nakamura, Hikaru"]
[WhiteFideId "4152956"]
[BlackFideId "2016192"]
[WhiteElo "2868"]
[BlackElo "3249"]
[Result "0-1"]
[Round "4"]
[TimeControl "180+2"]
[Date "2023.07.18"]
[WhiteClock "0:00:00"]
[BlackClock "0:00:22"]
[Board "1"]

1. e4 a6 2. Na3 e6 3. Nf3 d5 4. e5 c5 5. c3 c4 6. b3 b5 7. Nc2 Nc6 8. Ncd4 Nge7 9. a4 Rb8 10. axb5 axb5 11. Ba3 Bd7 12. Bd6 Rb7 13. bxc4 bxc4 14. d3 Nxd4 15. Nxd4 cxd3 16. Bxd3 Nc6 17. Nb5 Be7 18. Bxe7 Kxe7 19. Qg4 Kf8 20. Qf4 g5 21. Qf6 Qxf6 22. exf6 h5 23. h4 g4 24. Ra8+ Rb8 25. Rxb8+ Nxb8 26. Ke2 Be8 27. Ra1 Nd7 28. Ra8 Nxf6 29. Nd6 Kg7 30. Ke3 Rf8 31. Kd4 Bc6 32. Rxf8 Kxf8 33. Kc5 Ba4 34. g3 Nd7+ 35. Kd4 Ke7 36. Nc8+ Kf6 37. Nd6 Ne5 38. Be2 Nc6+ 39. Kc5 Ne7 40. Kd4 e5+ 41. Ke3 Ke6 42. Nb7 Nf5+ 43. Kd2 Be8 44. Nc5+ Kd6 0-1


[Site "https://www.chess.com"]

[Event "Titled Tuesday Blitz July 18 Early 2023"]
[White "Firouzja, Alireza"]
[Black "Rakhmanov, Aleksandr"]
[WhiteFideId "12573981"]
[BlackFideId "4173708"]
[WhiteElo "3104"]
[BlackElo "2862"]
[Result "1/2-1/2"]
[Round "4"]
[TimeControl "180+2"]
[Date "2023.07.18"]
[WhiteClock "0:00:17"]
[BlackClock "0:00:07"]
[Board "2"]

1. d4 Nf6 2. Bg5 Ne4 3. Bf4 d6 4. f3 Nf6 5. e4 e5 6. Bg5 h6 7. Bh4 exd4 8. Qxd4 Nc6 9. Bxf6 Nxd4 10. Bxd8 Kxd8 11. Na3 Be6 12. O-O-O Nc6 13. Bc4 a6 14. Ne2 Be7 15. c3 Ne5 16. Bb3 Bxb3 17. axb3 g6 18. Nc4 Nxc4 19. bxc4 c6 20. Kc2 Kc7 21. Rd3 h5 22. Rhd1 Rhd8 23. Nd4 Bf6 24. h3 Be5 25. Nb3 h4 26. Na5 b6 27. Nb3 a5 28. Nd4 a4 29. f4 Bxf4 30. Rf1 g5 31. Ne2 a3 32. Kb1 axb2 33. Kxb2 b5 34. Nxf4 bxc4 35. Nd5+ cxd5 36. Rxf7+ Kc6 37. exd5+ Kb6 38. Rd4 Rdc8 39. Rg7 Kc5 40. Rb7 Rcb8 41. Rxb8 Rxb8+ 42. Kc2 Rf8 43. Rg4 Rf2+ 44. Kd1 Rf5 45. g3 hxg3 46. Rxg3 Rxd5+ 47. Kc2 Rf5 48. Rg4 d5 49. h4 gxh4 50. Rxh4 Rf2+ 51. Kc1 Kb5 52. Rh8 Ka4 53. Rb8 Ka3 54. Rb7 Rg2 55. Rb8 Rh2 56. Rb7 Rg2 57. Rb8 Rh2 58. Rb7 Rg2 1/2-1/2


[Site "https://www.chess.com"]

[Event "Titled Tuesday Blitz July 18 Early 2023"]
[White "Bacrot, Etienne"]
[Black "Dubov, Daniil"]
[WhiteFideId "605506"]
[BlackFideId "24126055"]
[WhiteElo "2854"]
[BlackElo "3092"]
[Result "0-1"]
[Round "4"]
[TimeControl "180+2"]
[Date "2023.07.18"]
[WhiteClock "0:00:00"]
[BlackClock "0:00:04"]
[Board "3"]

1. e4 c5 2. Nf3 e6 3. c3 d5 4. exd5 exd5 5. d4 Nc6 6. Bb5 Bd6 7. O-O Ne7 8. dxc5 Bxc5 9. Nbd2 O-O 10. Nb3 Bb6 11. h3 Nf5 12. Bf4 h6 13. Qd2 Be6 14. Rfe1 Qf6 15. Ne5 Rac8 16. Rad1 Rfd8 17. Nxc6 bxc6 18. Ba6 Rc7 19. Bxc7 Bxc7 20. Nc5 Nh4 21. Nxe6 fxe6 22. Qd4 e5 23. Qg4 e4 24. f3 h5 25. Qxh5 Qf4 26. Qg4 Qh2+ 27. Kf2 Bb6+ 28. Rd4 Nxf3 29. Rxe4 Bxd4+ 30. cxd4 Rf8 31. Ke3 Qg1+ 32. Kd3 Qf1+ 33. Re2 Qd1+ 34. Kc3 Qc1+ 35. Kb3 Qd1+ 36. Ka3 Nxd4 37. Re3 Nc2+ 0-1


[Site "https://www.chess.com"]

[Event "Titled Tuesday Blitz July 18 Early 2023"]
[White "Fridman, Daniel"]
[Black "Bortnyk, Olexandr"]
[WhiteFideId "11600454"]
[BlackFideId "14120828"]
[WhiteElo "2851"]
[BlackElo "3034"]
[Result "1-0"]
[Round "4"]
[TimeControl "180+2"]
[Date "2023.07.18"]
[WhiteClock "0:00:21"]
[BlackClock "0:00:02"]
[Board "4"]

1. d4 Nf6 2. Nf3 b6 3. g3 Bb7 4. Bg2 g6 5. c4 Bg7 6. O-O O-O 7. d5 Na6 8. Qc2 Nc5 9. Nc3 e6 10. e4 Ne8 11. Bg5 f6 12. Be3 e5 13. b4 Na6 14. a3 c5 15. dxc6 dxc6 16. Rad1 Qe7 17. Bh3 Bc8 18. Bxc8 Rxc8 19. Qa4 Nb8 20. c5 b5 21. Qb3+ Kh8 22. a4 a6 23. axb5 axb5 24. Ra1 f5 25. Bg5 Bf6 26. Bh6 Bg7 27. Bxg7+ Nxg7 28. exf5 gxf5 29. Nh4 Nd7 30. Rad1 e4 31. Ne2 Ne5 32. Nf4 Rcd8 33. Rxd8 Rxd8 34. Rd1 Rd7 35. Rxd7 Qxd7 36. Qc3 Qd1+ 37. Kg2 Nd3 38. h3 Qc2 39. Qd4 Nxf4+ 40. gxf4 Qd3 41. Qf6 Kg8 42. Qxc6 e3 43. Nf3 Qc2 44. Qd5+ Kf8 45. Qd6+ Ke8 46. Qe5+ Kd8 47. Qxe3 Nh5 48. Nd4 Qd3 49. Ne6+ Ke7 50. Qxd3 Kxe6 51. Qd6+ 1-0


[Site "https://www.chess.com"]

[Event "Titled Tuesday Blitz July 18 Early 2023"]
[White "Martinez Alcantara, Jose Eduardo"]
[Black "Timofeev, Artyom"]
[WhiteFideId "3805662"]
[BlackFideId "4140419"]
[WhiteElo "3030"]
[BlackElo "2847"]
[Result "1/2-1/2"]
[Round "4"]
[TimeControl "180+2"]
[Date "2023.07.18"]
[WhiteClock "0:00:15"]
[BlackClock "0:00:24"]
[Board "5"]

1. e4 e5 2. Nf3 Nf6 3. Nc3 Nc6 4. h3 Be7 5. Bc4 O-O 6. d3 d6 7. a3 Be6 8. Bxe6 fxe6 9. O-O Qe8 10. Ne2 Nh5 11. Ng3 Nxg3 12. fxg3 Qg6 13. Kh2 Nd4 14. Nxd4 exd4 15. Bf4 e5 16. Bd2 Bg5 17. Qe2 c5 18. g4 Bxd2 19. Qxd2 Qe6 20. Qg5 b5 21. Rf5 h6 22. Qh4 d5 23. Qg3 Rxf5 24. gxf5 Qf6 25. exd5 Qxf5 26. Re1 Re8 27. d6 Qe6 28. d7 Qxd7 29. Rxe5 Rxe5 30. Qxe5 c4 31. b3 cxd3 32. cxd3 a6 33. b4 Kh7 34. Kg3 Kg6 35. h4 Kf7 36. Kf4 Qc6 37. Qxd4 Qxg2 38. Qd7+ Kf8 39. Qd8+ Kf7 40. Qd7+ Kf8 41. Qc8+ Kf7 42. Qf5+ Kg8 43. Qe6+ Kf8 44. Qd6+ Kf7 45. Qxa6 Qf2+ 46. Ke4 Qxh4+ 47. Ke3 Qg3+ 48. Kd2 Qf2+ 49. Kc3 Qe1+ 50. Kd4 Qf2+ 51. Kc3 Qe1+ 52. Kd4 Qf2+ 53. Kc3 1/2-1/2


[Site "https://www.chess.com"]

[Event "Titled Tuesday Blitz July 18 Early 2023"]
[White "Sarana, Alexey"]
[Black "Harsh Suresh"]
[WhiteFideId "24133795"]
[BlackFideId "45018464"]
[WhiteElo "3026"]
[BlackElo "2841"]
[Result "1-0"]
[Round "4"]
[TimeControl "180+2"]
[Date "2023.07.18"]
[WhiteClock "0:00:40"]
[BlackClock "0:00:11"]
[Board "6"]

1. d4 d6 2. e4 g6 3. c4 Bg7 4. Nc3 e5 5. d5 Ne7 6. Bd3 O-O 7. Nge2 f5 8. f3 Nd7 9. Be3 Nf6 10. Qd2 c5 11. dxc6 bxc6 12. Bc2 d5 13. cxd5 cxd5 14. exd5 Nexd5 15. Nxd5 Nxd5 16. Bb3 Be6 17. Rd1 Nc7 18. Qa5 Qh4+ 19. Bf2 Qe7 20. Bc5 Qf7 21. Bxf8 Bxf8 22. Bxe6 Nxe6 23. O-O Bc5+ 24. Kh1 Qb7 25. Qc3 Qg7 26. Qc4 Qf7 27. Qd5 Re8 28. Qxe5 Bb6 29. Qc3 Bc7 30. Qc4 Bb8 31. Nc3 Ng5 32. Qxf7+ Nxf7 33. Rfe1 Rxe1+ 34. Rxe1 Be5 35. Rd1 Kf8 36. Rd7 a6 37. Ra7 Bd4 38. Rxa6 Ne5 39. h4 Nd3 40. g3 Be5 41. f4 Bd4 42. Rd6 Nf2+ 43. Kg2 Bc5 44. Rc6 Nd3 45. a4 Ke7 46. Rc7+ Kd6 47. Rxh7 Nxb2 48. Rg7 Bd4 49. Nb5+ Kc5 50. Nxd4 Kxd4 51. Rxg6 Nxa4 52. h5 Nc5 53. h6 Kc3 54. h7 Kb3 55. h8=Q Ka2 56. Rb6 Nb3 57. Qc3 Na1 58. Qb2# 1-0


[Site "https://www.chess.com"]

[Event "Titled Tuesday Blitz July 18 Early 2023"]
[White "Elsa167"]
[Black "Duda, Jan-Krzysztof"]
[BlackFideId "1170546"]
[WhiteElo "2805"]
[BlackElo "3021"]
[Result "0-1"]
[Round "4"]
[TimeControl "180+2"]
[Date "2023.07.18"]
[WhiteClock "0:00:00"]
[BlackClock "0:00:05"]
[Board "7"]

1. e4 e6 2. d3 d5 3. Nd2 Nc6 4. Ngf3 Nf6 5. c3 Bd6 6. Be2 O-O 7. O-O a5 8. a4 Re8 9. Re1 h6 10. Bf1 e5 11. exd5 Nxd5 12. Nc4 Nb6 13. Nxb6 cxb6 14. Be3 Bg4 15. h3 Bh5 16. Be2 Bc7 17. Nd2 Bg6 18. Nc4 Re6 19. Qb3 e4 20. d4 Bf5 21. d5 Rg6 22. Bh5 Rxg2+ 23. Kxg2 Qxd5 24. Bg4 Bxg4 25. hxg4 Qe6 26. Kf1 Qxg4 27. Qd1 Qh3+ 28. Ke2 Qf3+ 29. Kf1 Qh3+ 30. Ke2 Rd8 31. Nd2 Ne5 32. Rh1 Qg4+ 33. Kf1 Nf3 34. Qe2 Rd6 35. Rd1 Rg6 36. Nxf3 Qg2+ 37. Ke1 Qxh1+ 38. Kd2 Qxf3 39. Qc4 Rd6+ 40. Bd4 Qxf2+ 41. Kc1 Qf4+ 42. Kb1 Rd7 43. Rg1 g5 44. Rf1 Qg4 45. Qb5 e3 46. Re1 e2 47. Rxe2 Kh7 48. Ka2 Kg6 49. Re1 Qf5 50. Re2 Qxb5 51. axb5 f5 52. Re6+ Kh5 53. Bxb6 Bxb6 54. Rd6 Rf7 55. Rxb6 f4 0-1


[Site "https://www.chess.com"]

[Event "Titled Tuesday Blitz July 18 Early 2023"]
[White "Xu, Xiangyu"]
[Black "Wagner, Dennis"]
[WhiteFideId "8608288"]
[BlackFideId "24650684"]
[WhiteElo "2989"]
[BlackElo "2780"]
[Result "1-0"]
[Round "4"]
[TimeControl "180+2"]
[Date "2023.07.18"]
[WhiteClock "0:00:20"]
[BlackClock "0:00:03"]
[Board "8"]

1. d4 Nf6 2. Bf4 b6 3. h4 Bb7 4. e3 d6 5. Nf3 Nbd7 6. Nbd2 g6 7. Bc4 e6 8. Qe2 a6 9. e4 Bg7 10. Bd3 Qe7 11. O-O-O e5 12. dxe5 dxe5 13. Be3 Ng4 14. Nc4 Nxe3 15. Nxe3 Bh6 16. Kb1 Bxe3 17. Qxe3 O-O-O 18. c3 Nc5 19. Bc2 f6 20. Nd2 Kb8 21. f3 Rd7 22. Nb3 Nxb3 23. Rxd7 Qxd7 24. Bxb3 Rd8 25. h5 Qd2 26. Qxd2 Rxd2 27. h6 Rxg2 28. Bg8 f5 29. Bxh7 fxe4 30. Bxg6 exf3 31. h7 f2 32. h8=Q+ Ka7 33. Rf1 Rg1 34. Bd3 Bg2 35. Qxe5 Kb7 36. Kc2 Rxf1 37. Bxf1 Bxf1 38. Qe4+ Ka7 39. Qf4 Bb5 40. Qxc7+ Ka8 41. Qd8+ Kb7 42. Qe7+ Kc6 43. Qf6+ Kc5 44. Qxf2+ Kc6 45. b3 Kb7 46. a4 Bc6 47. Qf7+ Kb8 48. Qe6 Kb7 49. Kd3 a5 50. Kd4 Kc7 51. Qe7+ Bd7 52. Kd5 Kc8 53. Kd6 1-0


[Site "https://www.chess.com"]

[Event "Titled Tuesday Blitz July 18 Early 2023"]
[White "Oparin, Grigoriy"]
[Black "Klimkowski, Jan"]
[WhiteFideId "24125890"]
[BlackFideId "21856222"]
[WhiteElo "2983"]
[BlackElo "2779"]
[Result "1-0"]
[Round "4"]
[TimeControl "180+2"]
[Date "2023.07.18"]
[WhiteClock "0:00:23"]
[BlackClock "0:00:09"]
[Board "9"]

1. d4 Nf6 2. c4 e6 3. Nc3 Bb4 4. Nf3 O-O 5. e3 c5 6. Bd3 Nc6 7. O-O Bxc3 8. bxc3 d6 9. e4 e5 10. d5 Ne7 11. Nh4 Ng6 12. Nf5 Re8 13. Bc2 Bxf5 14. exf5 Nf8 15. g4 h6 16. Qf3 N8d7 17. Qg3 e4 18. Bf4 Ne5 19. Bxe5 Rxe5 20. Rae1 Qe7 21. Re3 h5 22. h3 Re8 23. Rfe1 hxg4 24. hxg4 g5 25. fxg6 fxg6 26. f4 exf3 27. Rxe5 dxe5 28. Bxg6 Rf8 29. Rxe5 Qd6 30. Bf5 f2+ 31. Kf1 Kg7 32. Be6 Ne4 33. Rg5+ Kf6 34. Rf5+ Ke7 35. Qxd6+ Kxd6 36. Rxf8 1-0


[Site "https://www.chess.com"]

[Event "Titled Tuesday Blitz July 18 Early 2023"]
[White "Svane, Rasmus"]
[Black "Mahdavi, Reza"]
[WhiteFideId "4657101"]
[BlackFideId "12595926"]
[WhiteElo "2968"]
[BlackElo "2776"]
[Result "1-0"]
[Round "4"]
[TimeControl "180+2"]
[Date "2023.07.18"]
[WhiteClock "0:00:55"]
[BlackClock "0:00:40"]
[Board "10"]

1. Nf3 Nf6 2. g3 e6 3. Bg2 d5 4. O-O Be7 5. c4 O-O 6. b3 dxc4 7. bxc4 c5 8. Nc3 Nc6 9. Rb1 Rb8 10. d3 h6 11. Bf4 Bd6 12. Bxd6 Qxd6 13. Nd2 b6 14. Nb5 Qd7 15. Bxc6 Qxc6 16. Nxa7 Qa8 17. Nxc8 Rfxc8 18. Rb2 e5 19. Qc2 Qc6 20. Rfb1 h5 21. h3 h4 22. g4 Re8 23. f3 e4 24. fxe4 Qd6 25. Nf1 Nh7 26. Qd2 f6 27. Qe3 Ng5 28. Kg2 Ne6 29. Nh2 Nf4+ 30. Kh1 g5 31. Qf3 Kg7 32. Nf1 Ne6 33. Ne3 Nd4 34. Qf2 Rb7 35. a4 Ra8 36. Nd5 Rxa4 37. Rxb6 Rxb6 38. Rxb6 Ra1+ 39. Kg2 Nc6 40. Rb7+ Kh6 41. Nxf6 1-0


[Site "https://www.chess.com"]

[Event "Titled Tuesday Blitz July 18 Early 2023"]
[White "djokovic74"]
[Black "Svane, Frederik"]
[BlackFideId "12923044"]
[WhiteElo "2767"]
[BlackElo "2966"]
[Result "0-1"]
[Round "4"]
[TimeControl "180+2"]
[Date "2023.07.18"]
[WhiteClock "0:00:02"]
[BlackClock "0:00:11"]
[Board "11"]

1. e4 c5 2. Nf3 d6 3. d4 cxd4 4. Nxd4 Nf6 5. Nc3 a6 6. Be2 e6 7. Be3 Be7 8. g4 Nc6 9. g5 Nd7 10. h4 Qc7 11. Qd2 b5 12. a3 Bb7 13. O-O-O Rc8 14. h5 Nce5 15. h6 g6 16. f4 Nc4 17. Bxc4 Qxc4 18. Nb3 b4 19. axb4 Qxb4 20. Rhf1 O-O 21. f5 Rfe8 22. fxe6 fxe6 23. Bf4 Ne5 24. Bxe5 dxe5 25. Kb1 Bc6 26. Qh2 Bxg5 27. Qxe5 Bxh6 28. Rh1 Bg7 29. Qh2 h5 30. Rdg1 Bxe4 31. Qh4 Rxc3 32. Rxg6 Bxc2+ 33. Ka2 Bxb3+ 34. Kb1 Bc2+ 35. Ka2 Ra3+ 36. bxa3 Qb3# 0-1


[Site "https://www.chess.com"]

[Event "Titled Tuesday Blitz July 18 Early 2023"]
[White "Pranav, V"]
[Black "Skvortsov, Andrei"]
[WhiteFideId "25060783"]
[BlackFideId "24108600"]
[WhiteElo "2959"]
[BlackElo "2762"]
[Result "1-0"]
[Round "4"]
[TimeControl "180+2"]
[Date "2023.07.18"]
[WhiteClock "0:00:12"]
[BlackClock "0:00:02"]
[Board "12"]

1. e4 c5 2. Nf3 d6 3. c3 Nf6 4. Be2 Bd7 5. d3 g6 6. O-O Bg7 7. Re1 Bg4 8. Nbd2 O-O 9. h3 Bxf3 10. Nxf3 Nc6 11. Bf1 e5 12. Be3 Re8 13. a3 b6 14. b4 a5 15. bxc5 bxc5 16. Qa4 Qc7 17. Rab1 Reb8 18. Nd2 Nd7 19. Nc4 Nb6 20. Nxb6 Rxb6 21. Rxb6 Qxb6 22. h4 Rb8 23. h5 Bf6 24. h6 Be7 25. Be2 Nd8 26. Bg5 Bf8 27. Bg4 Nc6 28. Bd7 Ne7 29. Qc4 Qc7 30. Ba4 Nc6 31. Bb3 Nd8 32. Be3 Ne6 33. g3 Qd8 34. Rb1 Qf6 35. a4 Rb6 36. Kg2 g5 37. Rh1 Bxh6 38. Bd1 Bf8 39. Bg4 Nc7 40. d4 exd4 41. cxd4 Rb4 42. Qc2 cxd4 43. Bd2 Rb7 44. e5 Qg6 45. Bf5 Qg7 46. Bxh7+ Kh8 47. Be4+ Kg8 48. Bxb7 Ne6 49. exd6 Bxd6 50. Qc8+ Bf8 51. Bd5 Nc5 52. Qf5 d3 53. Bxf7+ 1-0


[Site "https://www.chess.com"]

[Event "Titled Tuesday Blitz July 18 Early 2023"]
[White "Aravindh, Chithambaram VR."]
[Black "realmadridfc123"]
[WhiteFideId "5072786"]
[WhiteElo "2952"]
[BlackElo "2747"]
[Result "1-0"]
[Round "4"]
[TimeControl "180+2"]
[Date "2023.07.18"]
[WhiteClock "0:00:08"]
[BlackClock "0:00:04"]
[Board "13"]

1. b3 c5 2. e4 Nc6 3. Bb2 d6 4. Nf3 Nf6 5. Nc3 g6 6. Nd5 Bg7 7. Nxf6+ exf6 8. Bc4 O-O 9. O-O Be6 10. Bxe6 fxe6 11. d4 f5 12. exf5 Rxf5 13. Qe2 Qd7 14. Rad1 Raf8 15. Rfe1 Bxd4 16. Bxd4 Nxd4 17. Nxd4 cxd4 18. f3 e5 19. c3 dxc3 20. Qc4+ Qf7 21. Qxc3 Rd8 22. h3 Rf6 23. Rxe5 Re6 24. Rxe6 Qxe6 25. Qc7 Rd7 26. Qb8+ Kg7 27. Qxa7 d5 28. Qd4+ Kg8 29. a4 Kf7 30. a5 Qf6 31. Qa4 Qe6 32. Qd4 Qf6 33. b4 Qxd4+ 34. Rxd4 Ke6 35. b5 Rc7 36. Ra4 Ke5 37. a6 bxa6 38. bxa6 Ra7 39. Kf2 d4 40. Ke2 Kf4 41. Kf2 Ke5 42. Ra5+ Ke6 43. Ke2 Kd6 44. Kd3 Kc6 45. Ra1 Kb6 46. f4 Kc5 47. g4 h6 48. f5 gxf5 49. gxf5 Kd5 50. Ra5+ Kd6 51. Kxd4 Kc6 52. Ke5 Kb6 53. Ra1 Ra8 54. a7 Kb7 55. Ke6 h5 56. f6 1-0


[Site "https://www.chess.com"]

[Event "Titled Tuesday Blitz July 18 Early 2023"]
[White "Atakhan, Abtin"]
[Black "Ibarra Jerez, Jose Carlos"]
[WhiteFideId "22502203"]
[BlackFideId "2226332"]
[WhiteElo "2723"]
[BlackElo "2948"]
[Result "1-0"]
[Round "4"]
[TimeControl "180+2"]
[Date "2023.07.18"]
[WhiteClock "0:00:05"]
[BlackClock "0:00:00"]
[Board "14"]

1. d4 Nf6 2. c4 d6 3. Nf3 g6 4. Nc3 Bf5 5. g3 Ne4 6. Nd5 c6 7. Ne3 Qa5+ 8. Nd2 Bg7 9. Bg2 Bxd4 10. g4 Nxf2 11. Kxf2 Bxe3+ 12. Kxe3 Bxg4 13. Kf2 Qc5+ 14. Ke1 O-O 15. Qb3 Nd7 16. Ne4 Qe5 17. Qe3 Be6 18. Qh6 Bxc4 19. Bd2 Qg7 20. Qh4 Bd5 21. Bc3 f6 22. Rg1 Ne5 23. Qf4 Kh8 24. h4 Qf7 25. Bh1 Qe6 26. Qg3 Rg8 27. a3 Bb3 28. Kf2 Bd5 29. Raf1 h5 30. Ke1 Kh7 31. Qe3 Raf8 32. Bd2 Nf7 33. Qf4 Qe5 34. Qe3 Qxb2 35. Bc3 Qxa3 36. Nd2 Qc1+ 37. Kf2 Qa3 38. Bxd5 cxd5 39. Ra1 Qc5 40. Bd4 Qc8 41. Qxe7 Qf5+ 42. Nf3 Kg7 43. Rg5 Qe4 44. Qxf6+ 1-0


[Site "https://www.chess.com"]

[Event "Titled Tuesday Blitz July 18 Early 2023"]
[White "Tasdogen, Dincer"]
[Black "Nouri, Alekhine"]
[WhiteFideId "6367097"]
[BlackFideId "5216184"]
[WhiteElo "2943"]
[BlackElo "2695"]
[Result "1-0"]
[Round "4"]
[TimeControl "180+2"]
[Date "2023.07.18"]
[WhiteClock "0:01:24"]
[BlackClock "0:00:03"]
[Board "15"]

1. b3 e5 2. Bb2 Nc6 3. e3 d5 4. Bb5 a6 5. Bxc6+ bxc6 6. Bxe5 Qg5 7. Bg3 Bd6 8. Nf3 Qg6 9. d4 h5 10. Bxd6 cxd6 11. Rg1 Nf6 12. Nc3 Bf5 13. Nh4 Qg5 14. Nxf5 Qxf5 15. Qd3 Qg4 16. h3 Qh4 17. O-O-O Qxf2 18. Rdf1 Qg3 19. Rf3 Qg5 20. Kb2 O-O 21. e4 dxe4 22. Nxe4 Nxe4 23. Qxe4 d5 24. Qf5 Qxf5 25. Rxf5 g6 26. Rf6 Rac8 27. Rgf1 Rc7 28. Rd6 Rfc8 29. Rff6 c5 30. Rxa6 cxd4 31. Rf2 Kg7 32. Rd6 Rc5 33. Rd7 h4 34. Rdxf7+ Kh6 35. R7f4 d3 36. cxd3 g5 37. Rd4 Kg6 38. b4 Rc1 39. Rxd5 Re1 40. Rd6+ Kg7 41. a4 Rcc1 42. Kb3 Rcd1 43. a5 Ra1 44. Kc4 Rec1+ 45. Kb5 Rf1 46. Rxf1 Rxf1 47. a6 Rf2 48. a7 Rxg2 49. a8=Q 1-0


[Site "https://www.chess.com"]

[Event "Titled Tuesday Blitz July 18 Early 2023"]
[White "Sahib Singh"]
[Black "Durarbayli, Vasif"]
[WhiteFideId "25618342"]
[BlackFideId "13402935"]
[WhiteElo "2654"]
[BlackElo "2932"]
[Result "1/2-1/2"]
[Round "4"]
[TimeControl "180+2"]
[Date "2023.07.18"]
[WhiteClock "0:00:08"]
[BlackClock "0:00:09"]
[Board "16"]

1. e4 c5 2. Nf3 d6 3. d4 cxd4 4. Nxd4 Nf6 5. Nc3 Nc6 6. Bg5 Qb6 7. Nb3 e6 8. Be3 Qc7 9. Be2 a6 10. g4 b5 11. g5 Nd7 12. a3 Bb7 13. h4 Na5 14. Nxa5 Qxa5 15. Qd2 b4 16. Na2 Bxe4 17. f3 Bb7 18. Nxb4 Be7 19. O-O-O Qc7 20. Kb1 a5 21. Nd3 Nb6 22. Nf4 O-O 23. Nh5 Nd5 24. Bd4 e5 25. Bf2 Rab8 26. c4 Nb6 27. Qc2 Rfc8 28. Rc1 Bc6 29. Rhg1 Na4 30. b3 Rxb3+ 31. Qxb3 Rb8 32. Bd1 Rxb3+ 33. Bxb3 Nc5 34. Bxc5 dxc5 35. Nf6+ Bxf6 36. gxf6 g6 37. Rc3 Qb7 38. Rd1 h5 39. Rd8+ Kh7 40. Ka2 Bxf3 41. Ba4 Bc6 42. Rb3 Qc7 43. Rbb8 g5 44. Rg8 Qxb8 45. Rxb8 Bxa4 46. hxg5 h4 47. Rf8 Kg6 48. Rg8+ Kf5 49. Rg7 h3 50. Rxf7 Kxg5 51. Rh7 Kxf6 52. Rxh3 Bd1 53. Kb2 a4 54. Kc3 Kf5 55. Rd3 Be2 56. Rd5 Kf4 57. Rxc5 e4 58. Kd4 e3 59. Re5 Bxc4 60. Re4+ Kf3 61. Rxe3+ Kf2 62. Re4 Bb3 63. Kc5 Kf3 64. Re7 Kf4 65. Kb4 Kf5 66. Re3 Kf6 67. Kc5 Kf5 68. Kd6 Kf4 69. Re5 Bd1 70. Kd5 Bb3+ 71. Kd4 Bc2 72. Re3 Bb3 73. Re1 Kf5 74. Re5+ Kf4 75. Re4+ Kf5 76. Re3 Kf4 77. Rc3 Kf5 78. Kc5 Kf4 79. Kb4 Ke5 80. Rc5+ Kd4 81. Ra5 Ke4 82. Ra7 Kd5 83. Re7 Kd6 84. Re3 Kc6 85. Rc3+ Kd6 86. Kb5 Ke5 87. Kb6 Ke6 88. Rc5 Kd6 89. Ra5 Bd1 90. Ra8 Bb3 91. Kb5 Ke6 92. Kc6 Bd5+ 93. Kb5 Bxa8 94. Kxa4 Bc6+ 95. Kb4 Bd7 96. a4 Kd6 97. a5 Kc7 98. a6 Kb8 99. a7+ Kxa7 1/2-1/2


[Site "https://www.chess.com"]

[Event "Titled Tuesday Blitz July 18 Early 2023"]
[White "Gholami Orimi, Mahdi"]
[Black "Jeet, Jain"]
[WhiteFideId "12558486"]
[BlackFideId "5073022"]
[WhiteElo "2927"]
[BlackElo "2653"]
[Result "1-0"]
[Round "4"]
[TimeControl "180+2"]
[Date "2023.07.18"]
[WhiteClock "0:00:40"]
[BlackClock "0:00:06"]
[Board "17"]

1. d4 d6 2. Nf3 Nd7 3. Nc3 e5 4. e4 Ngf6 5. a4 c6 6. Bc4 Be7 7. a5 h6 8. O-O O-O 9. Re1 Qc7 10. h3 Re8 11. Bd2 Nf8 12. Qb1 Be6 13. Qa2 Bxc4 14. Qxc4 Ng6 15. b4 Rac8 16. dxe5 dxe5 17. Be3 b5 18. axb6 axb6 19. Ra6 b5 20. Qb3 Ra8 21. Rea1 Rxa6 22. Rxa6 Qc8 23. Ra7 Nh5 24. Ne2 Qe6 25. Qxe6 fxe6 26. c3 Rc8 27. Nxe5 Nxe5 28. Rxe7 Nc4 29. Bd4 Kf8 30. Bc5 Kg8 31. g4 Nf6 32. Rxe6 Nd7 33. Nd4 Nxc5 34. bxc5 Na5 35. Re7 Nb3 36. Ne6 Nxc5 37. Nxc5 1-0


[Site "https://www.chess.com"]

[Event "Titled Tuesday Blitz July 18 Early 2023"]
[White "Leon Oquendo, Jorge"]
[Black "Jones, Gawain C B"]
[WhiteFideId "3514803"]
[BlackFideId "409561"]
[WhiteElo "2610"]
[BlackElo "2927"]
[Result "0-1"]
[Round "4"]
[TimeControl "180+2"]
[Date "2023.07.18"]
[WhiteClock "0:00:02"]
[BlackClock "0:00:06"]
[Board "18"]

1. d4 d5 2. c4 e6 3. Nc3 a6 4. cxd5 exd5 5. Bf4 Nf6 6. e3 Bd6 7. Bxd6 Qxd6 8. Bd3 O-O 9. Nge2 Re8 10. Qc2 Nc6 11. a3 Ne7 12. O-O-O g6 13. f3 Nf5 14. Bxf5 Bxf5 15. e4 dxe4 16. Ng3 Qf4+ 17. Kb1 exf3 18. Nxf5 fxg2 19. Rhg1 Qxf5 20. Qxf5 gxf5 21. Rxg2+ Kf8 22. Rf1 Ng4 23. Nd1 Rad8 24. h3 Ne3 25. Nxe3 Rxe3 26. Rxf5 Rxh3 27. d5 Rd3 28. Rh5 R8xd5 29. Rxh7 Rd2 30. Rh8+ Ke7 31. Rgg8 Rb5 32. Re8+ Kf6 33. b4 Rf5 34. Rh1 Rf3 35. Rc8 c6 36. Rc7 Rb3+ 37. Kc1 Rf2 38. Rxb7 Rxa3 39. Kb1 Rb3+ 40. Ka1 Ra3+ 41. Kb1 Rb3+ 42. Kc1 a5 43. Rh6+ Kg7 44. Rxc6 axb4 45. Rc4 Rc3+ 46. Rxc3 bxc3 47. Rc7 c2 48. Rc8 Kg6 49. Rg8+ Kf5 50. Ra8 Kg5 51. Rg8+ Kf4 52. Ra8 f5 53. Rg8 Kf3 54. Re8 f4 55. Rg8 Re2 56. Rh8 Kg3 57. Rg8+ Kf2 58. Rf8 f3 59. Rg8 Kf1 60. Rf8 f2 61. Rg8 Ke1 0-1


[Site "https://www.chess.com"]

[Event "Titled Tuesday Blitz July 18 Early 2023"]
[White "Demidov, Mikhail"]
[Black "Zaragatski, Ilja"]
[WhiteFideId "4197143"]
[BlackFideId "4655192"]
[WhiteElo "2921"]
[BlackElo "2600"]
[Result "1-0"]
[Round "4"]
[TimeControl "180+2"]
[Date "2023.07.18"]
[WhiteClock "0:00:05"]
[BlackClock "0:00:00"]
[Board "19"]

1. Nf3 Nf6 2. g3 b6 3. Bg2 Bb7 4. O-O c5 5. c4 e6 6. Nc3 d6 7. Re1 Be7 8. e4 Nc6 9. d4 Nxd4 10. Nxd4 cxd4 11. Qxd4 Qc7 12. b3 O-O 13. Ba3 Rfd8 14. Rad1 a6 15. Rd2 Rac8 16. Rd3 Ng4 17. Na4 b5 18. cxb5 axb5 19. Rc3 Qa5 20. Bb4 Qa6 21. Rxc8 Rxc8 22. Nc3 Bf6 23. Qd2 Qb6 24. Nd1 Bd4 25. h3 Ne5 26. Kh2 h5 27. f4 Nd7 28. Nc3 Nf6 29. Qd3 h4 30. gxh4 Bxc3 31. Bxc3 Qf2 32. Rf1 Qxh4 33. Bxf6 Qxf6 34. Qxb5 Ba8 35. Qa6 Qc3 36. Rf3 Qc1 37. Rg3 g6 38. Qxd6 Qc2 39. f5 Bxe4 40. fxe6 1-0


[Site "https://www.chess.com"]

[Event "Titled Tuesday Blitz July 18 Early 2023"]
[White "Antipov, Mikhail Al."]
[Black "Geivondian, Arman"]
[WhiteFideId "4107012"]
[BlackFideId "24102032"]
[WhiteElo "2909"]
[BlackElo "2576"]
[Result "1-0"]
[Round "4"]
[TimeControl "180+2"]
[Date "2023.07.18"]
[WhiteClock "0:00:27"]
[BlackClock "0:00:36"]
[Board "20"]

1. e4 c6 2. d4 d5 3. exd5 cxd5 4. Bd3 Nc6 5. c3 Nf6 6. h3 g6 7. Nf3 Bf5 8. Be2 Bg7 9. O-O O-O 10. Re1 e6 11. Be3 h6 12. Bb5 Rc8 13. Nbd2 g5 14. Bxc6 Rxc6 15. Ne5 Rc8 16. f4 gxf4 17. Bxf4 Ne4 18. Nxe4 Bxe4 19. Ng4 Kh7 20. Qd2 h5 21. Nf2 Bg6 22. Re3 Rg8 23. Kh1 b5 24. Nd3 Be4 25. Nc5 Bh6 26. Re2 Qh4 27. Bxh6 Qxh3+ 28. Kg1 Bxg2 29. Rxg2 Rxg2+ 30. Qxg2 Rg8 31. Bg5 Qe3+ 32. Bxe3 1-0


[Site "https://www.chess.com"]